 Dungeon Crawl Stone Soup version 0.22.1-1-ga44c0e5 (webtiles) character file.

246 Fang the Chopper (level 6, -1/39 HPs)
             Began as a Gargoyle Berserker on Oct 26, 2018.
             Was a Believer of Trog.
             Slain by an orc priest
             ... wielding a +0 trident
              (3 damage)
             ... on level 4 of the Dungeon.
             The game lasted 00:04:49 (3169 turns).

Fang the Chopper (Gargoyle Berserker)               Turns: 3169, Time: 00:04:50

Health: -1/39      AC:  6    Str: 22    XL:     6   Next: 11%
Magic:  6/6        EV: 12    Int:  8    God:    Trog [**....]
Gold:   217        SH:  0    Dex:  9    Spells: 5/5 levels left

rFire    . . .     SeeInvis .   a - +0 hand axe
rCold    . . .     Gourm    .   (no shield)
rNeg     + . .     Faith    .   b - +0 animal skin
rPois    ∞         Spirit   .   (no helmet)
rElec    +         Reflect  .   (no cloak)
rCorr    .         Harm     .   (no gloves)
MR       .....                  (no boots)
Stlth    +.........             (no amulet)
HPRegen  0.13/turn              (no ring)
MPRegen  0.10/turn              (no ring)

@: berserk cooldown, slowed, very slow
A: negative energy resistance 1, electricity resistance, unbreathing,
petrification resistance, rot immunity, AC +4
a: Berserk, Trog's Hand, Renounce Religion


You were on level 4 of the Dungeon.
You worshipped Trog.
Trog was pleased with you.
You were very hungry.

You visited 1 branch of the dungeon, and saw 4 of its levels.

You collected 217 gold pieces.

Inventory:

Hand Weapons
 a - a +0 hand axe (weapon)
Armour
 b - a +0 animal skin (worn)
Scrolls
 e - 2 scrolls of fog {unknown}
 h - 2 scrolls of remove curse {unknown}
 i - 3 scrolls of identify {unknown}
 j - a scroll of teleportation {unknown}
 k - a scroll of magic mapping {unknown}
 n - a scroll of amnesia {unknown}
 p - a scroll of noise {unknown}
Potions
 d - a potion of degeneration {unknown}
 f - a potion of magic {unknown}
 g - 3 potions of lignification {unknown}
 l - a potion of agility {unknown}
 m - 3 potions of heal wounds {unknown}
 o - a potion of curing {unknown}
 q - a potion of ambrosia {unknown}
Comestibles
 c - 4 rations
 r - a chunk of flesh


   Skills:
 + Level 4.4 Fighting
 + Level 4.6 Axes
 + Level 2.2 Armour
 + Level 2.7 Dodging
 + Level 1.3 Stealth


You had 5 spell levels left.
You didn't know any spells.
Your spell library was empty.

Dungeon Overview and Level Annotations

Branches:
Dungeon (4/15)
 Temple: D:4-7

Altars:
Hepliaklqana
Kikubaaqudgha
Wu Jian

Annotations:
D:4 1 transporter


Innate Abilities, Weirdness & Mutations

You are resistant to torment.
Your stone body is resilient. (AC +4)
You are immune to poison.
You resist negative energy. (rN+)
You are resistant to electric shocks. (rElec)
You can survive without breathing.
You are immune to petrification.
You are immune to rotting.


Message History

The orc is heavily wounded.
The orc completely misses you.
You closely miss the orc.
The orc is heavily wounded.
The orc priest hits you from afar with a trident.
* * * LOW HITPOINT WARNING * * *
You slash the orc!
You kill the orc!
Trog accepts your kill.
The orc priest mumbles some strange prayers to Beogh against you.
Beogh smites you!
* * * LOW HITPOINT WARNING * * *
Things that are here:
a trident of protection; an orc corpse You hit the orc priest.
The orc priest is moderately wounded.
You are no longer berserk.
You are exhausted.
You feel yourself slow down. The orc priest hits you with a trident.
You die...

# #############.#
######........))@o.#
.......###########.#
.####### # ........
.####### .. .. ...
...


You could see an orc priest.

Vanquished Creatures
  An orc priest (D:4)
  An orc wizard (D:3)
  A worker ant (D:4)
  A hound skeleton (D:4)
  2 worker ant zombies (D:4)
  3 adders (D:2)
  An ooze (D:3)
  3 worms
  An adder zombie (D:4)
  2 dart slugs
  14 orcs
  3 giant cockroaches
  5 goblins
  7 hobgoblins
  5 jackals
  A quokka (D:2)
  A ball python skeleton (D:4)
  8 bats
  5 frilled lizards
  4 kobolds
  3 rats
72 creatures vanquished.

Notes
Turn   | Place    | Note
-------+----------+-------------------------------------------
     0 | D:1      | Fang the Gargoyle Berserker began the quest for the Orb.
     0 | D:1      | Reached XP level 1. HP: 14/14 MP: 1/1
    64 | D:1      | Reached XP level 2. HP: 13/19 MP: 2/2
   576 | D:2      | Reached XP level 3. HP: 18/24 MP: 3/3
   928 | D:2      | Found an ornate altar of the Wu Jian Council.
  1013 | D:2      | Reached ** piety under Trog
  1032 | D:2      | Reached XP level 4. HP: 19/29 MP: 4/4
  1927 | D:3      | Reached XP level 5. HP: 31/33 MP: 5/5
  2462 | D:3      | Found an ancient bone altar of Kikubaaqudgha.
  2784 | D:4      | Found a hazy altar of Hepliaklqana.
  2802 | D:4      | Found a transporter.
  2927 | D:4      | Reached skill level 1 in Stealth
  3162 | D:4      | Reached XP level 6. HP: 11/39 MP: 6/6
  3167 | D:4      | HP: 1/58 [orc priest/divine providence (9)]
  3169 | D:4      | Slain by an orc priest

Skill      XL: |  1  2  3  4  5 |
---------------+----------------+-----
Axes           | 3 4 |  4.6
Dodging        | 2 |  2.7
Fighting       | 4 |  4.4
Stealth        | 1 |  1.3
Armour         | |  2.2

Action                   |  1- 3 |  4- 6 || total
-------------------------+-------+-------++-------
Melee: Hand axe          |   137 |   162 ||   299
Invok: Berserk           |     1 |     1 ||     2
 Stab: Sleeping          |       |     2 ||     2
  Eat: Chunk             |     1 |     7 ||     8
Armor: Animal skin       |    51 |    53 ||   104
Dodge: Dodged            |    88 |   105 ||   193
